 Dungeon Crawl Stone Soup version 0.30.0-30-g96aa6591b8 (webtiles) character file.

Game seed: 3637814173374897392

23 Sabo the Trooper (level 2, -3/24 HPs)
             Began as a Demonspawn Monk on June 27, 2023.
             Slain by a worm (6 damage)
             ... on level 2 of the Dungeon.
             The game lasted 00:04:54 (924 turns).

Sabo the Trooper (Demonspawn Monk)                   Turns: 924, Time: 00:04:55

Health: -3/24      AC:  5    Str: 11    XL:     2   Next: 72%
Magic:  2/2        EV: 11    Int: 11    God:
Gold:   42         SH:  0    Dex: 15    Spells: 1/1 levels left

rFire   . . .        a - +0 hand axe
rCold   . . .        d - orb {light}
rNeg    . . .        e - +0 ring mail
rPois   .            (no helmet)
rElec   .            (no cloak)
rCorr   .            (no gloves)
SInv    .            (no boots)
Will    .....        (no amulet)
Stlth   +            (no ring)
HPRegen 0.24/turn    (no ring)
MPRegen 0.08/turn

%: no passive effects
@: glowing
A: demonic touch 1
a: no special abilities


You were on level 2 of the Dungeon.
You visited 1 branch of the dungeon, and saw 2 of its levels.

You collected 42 gold pieces.

Inventory:

Hand Weapons
 a - a +0 hand axe (weapon)
Armour
 d - an orb of light (worn)
 e - a +0 ring mail (worn)
Scrolls
 h - a scroll of blinking
 j - a scroll of enchant weapon {unknown}
Potions
 b - a potion of curing {unknown}
 c - a potion of ambrosia
 i - a potion of degeneration {unknown}
 k - a potion of mutation {unknown}


   Skills:
 + Level 3.3 Fighting
 + Level 3.0 Axes
 + Level 0.2 Armour
 + Level 3.0 Dodging


You had one spell level left.
You didn't know any spells.
Your spell library was empty.

Dungeon Overview and Level Annotations

Branches:
Dungeon (2/15)

Altars:


Innate Abilities, Weirdness & Mutations

Your touch may inflict minor irresistible damage on your foes.


Message History

You drop 2 scrolls of amnesia.
As you read the scroll labelled MUERUU ZUTA, it crumbles to dust.
It is a scroll of identify.
f - a scroll of vulnerability You drop a scroll of vulnerability.
As you read the scroll of identify, it crumbles to dust.
h - a scroll of blinking You can't go down here!
There is an escape hatch in the floor here.
You slide downwards.
The hatch slams shut behind you.
Found an escape hatch in the ceiling.
Found a scroll of identify.
A worm and a hobgoblin come into view.
Found a scroll labelled JITEL NYF FAYXZA.
The hobgoblin hits you but does no damage.
You hit the hobgoblin.
The hobgoblin is almost dead.
You hit the worm. The worm bites you but does no damage.
The hobgoblin barely misses you.
You hit the hobgoblin but do no damage.
The hobgoblin is almost dead.
You hit the worm.
The hobgoblin hits you but does no damage.
The worm bites you.
You hit the hobgoblin but do no damage.
The hobgoblin is almost dead.
You hit the worm. The hobgoblin closely misses you.
You hit the hobgoblin.
You kill the hobgoblin!
You hit the worm. The worm bites you!
You see here a hobgoblin corpse.
The worm bites you!
* * * LOW HITPOINT WARNING * * *
You see here a hobgoblin corpse.
You hit the worm.
The worm is heavily wounded.
You slash the worm!
The worm is almost dead.
The worm bites you.
You die...

.............
#........#
###........###.#
................
###........###.#
#.##.....#
#+#+###.##.....#
........##..##.#
.....<.@###..#.#
.......w.......#
........###.#...+
........# #.##.##
........# #.# ...
....?.... ..# ...
........# ###
.##. ......?##
#.#.###


You could see a worm.

Vanquished Creatures
  A dart slug (D:1)
  4 ball pythons (D:1)
  An endoplasm (D:1)
  A giant cockroach (D:1)
  A goblin (D:1)
  3 hobgoblins
  2 kobolds (D:1)
  3 bats (D:1)
  A frilled lizard (D:1)
  3 rats (D:1)
20 creatures vanquished.

Notes
Turn   | Place    | Note
-------+----------+-------------------------------------------
     0 | D:1      | Sabo the Demonspawn Monk began the quest for the Orb.
     0 | D:1      | Reached XP level 1. HP: 18/18 MP: 1/1
   223 | D:1      | Gained mutation: Your touch may inflict minor irresistible
                  | damage on your foes. [demonic ancestry]
   223 | D:1      | Reached XP level 2. HP: 23/24 MP: 2/2
   924 | D:2      | Slain by a worm

Illustrated notes

Levels and vault maps discovered:
D:1:      sevenhm_arrival_forest_fort_small_4, layout_basic
D:2:      layout_basic, minmay_misc_feat_roman

Skill      XL: |  1  2 |
---------------+-------+-----
Axes           | 3 |  3.0
Dodging        | 3 |  3.0
Fighting       | |  3.3
Armour         | |  0.2

Action                     || total
---------------------------++-------
  Melee: Hand axe          ||    46
    Use: Scroll            ||     3
 Armour: Ring mail         ||    21
         Robe              ||     1
  Dodge: Dodged            ||    32
